Cool Beans, chaotic female orcish Rogue ###########################################--------------- ----------- #---------- -------------# #-.............| |..{....>.| #|..._....| |...........|# #|.............| |..........######..........## |...........|# #--------------- ------.---- # --|------- # |...........|# ## #### ### # ### |...........|# # # # # ###.........(..|########### # ## # ### ###|...........| --.--# ----.--# # ##--------.---- |...|# |.....|# ### ## |...|# |.....|# # # |...|# |......# ### # |...|# |..(..| # # #-...|# |.....-##### ## #### -----.- ###|...-# ------- # -------.----##### +.....| # ----- ##............## |......###### |..........|########-M@...| |.....<.....# ------- ------------ Cool Beans the Cutpurse Experience level: 5 Strength: 16 Dexterity: 18 Constitution: 12 Intelligence: 10 Wisdom: 9 Charisma: 10 Health: 0(38) Energy: 13(13) Def: 4 Gold: 271 Moves: 1466 Dungeon seed: A_svM_LGAbmv4hrT Game ID: Cool Beans_1518711540 Your Inventory: Coins $ - 271 gold pieces Weapons a - an uncursed +0 orcish short sword b - 13 uncursed +0 orcish daggers (in quiver) v - an uncursed +0 thirsty arrow Armor e - an uncursed +1 leather armor (being worn) r - an uncursed +0 alchemy smock y - an uncursed +0 orcish helm (being worn) B - an uncursed +0 mummy wrapping N - an uncursed +0 dwarvish cloak (being worn) Comestibles h - an uncursed tin of female newt meat i - an uncursed pancake s - an uncursed slime mold Scrolls q - a blessed scroll of create monster Spellbooks l - an uncursed spellbook of remove curse Potions c - an uncursed potion of sickness w - an uncursed potion of water Rings m - an uncursed ring of conflict Tools d - an uncursed lock pick f - an uncursed oil lamp (0:1349) g - an uncursed sack j - an uncursed skeleton key A - an uncursed +0 pick-axe (weapon in hand) Gems n - 3 uncursed worthless pieces of white glass z - an uncursed worthless piece of yellow glass C - an uncursed jade stone Y - an uncursed worthless piece of green glass Spells and supernatural/magical abilities: Name Level Category Fail Memory W - pray for help -- divine ? -- Your skills at the end: Fighting Skills wands [Basic] Weapon Skills dagger [Basic] short sword [Basic] Spellcasting Skills Final Attributes: You were immune to poison. You were telepathic. You had infravision. You were stealthy. You are dead. Vanquished creatures: a dwarf king 2 gnome lords a kobold mummy a floating eye 2 dwarves an orc zombie an iguana an acid blob 2 coyotes a large kobold a cave spider 7 gnomes a gecko a jackal a fox 3 kobolds 2 goblins 6 grid bugs 2 bats 2 lichens 5 newts 44 creatures vanquished. Voluntary challenges: You used a wielded weapon 15 times, starting on turn 20. You read items or engraved 1 time, starting on turn 458. You never genocided any monsters. You never polymorphed an object. You never changed form. You used no wishes. You never split a pudding. You never wrote Elbereth's name. You never violated your personal moral code. Dungeon overview: The Dungeons of Doom: levels 1 to 3 Level 1 <- You were here an altar to Kos, a fountain a long staircase Level 2 some fountains Level 3 (Vault, Up there are graves) a fountain, a vault stairs to The Gnomish Mines The Gnomish Mines: Level 4 stairs to The Dungeons of Doom History has recorded: On T:1 you entered the Dungeons of Doom to retrieve the Amulet of Yendor! On T:424 you reached level 2 of The Dungeons of Doom. On T:544 you advanced to experience level 2. On T:746 you reached level 3 of The Dungeons of Doom. On T:757 you advanced to experience level 3. On T:918 you reached level 1 of The Gnomish Mines. On T:1048 you advanced to experience level 4. On T:1077 you advanced to experience level 5. Score breakdown: Gold: 271 ( 8281 points) Experience: 5 levels (11141 points) Exploration: 4 levels ( 7.69%) ( 7276 points) Discoveries: 1 item ( 0.34%) ( 1761 points) Valuables value: (no points given unless you survive) Artifact value: 0 ( 0 points) Variety of kills: 21 monsters ( 5.53%) ( 7052 points) Turncount: 1466 turns ( 0 points) Survival: died (score multiplied by 80%) Total score: 28408 Latest messages: You displace your housecat. You stop. Your housecat is in the way! Something is engraved here on the headstone. You read: "Here lies the body of Jonathan Blake. Stepped on the gas instead of the brake.". You displace your housecat. Something is engraved here on the headstone. You read: "Here lies the body of Jonathan Blake. Stepped on the gas instead of the brake.". You are now wielding your pick-axe. You start digging downward. You dig a pit in the grave. You have disturbed a tomb! The ettin mummy hits! (2x) [5 turns] You are still in a pit. The ettin mummy hits! (2x) You are still in a pit. The ettin mummy hits! (2x) You die... The sack is empty. The sack is empty. Final status: Goodbye Cool Beans the Rogue, killed by an ettin mummy... You died in The Dungeons of Doom on dungeon level 1 with 28408 points, and 271 pieces of gold, after 1466 moves. You were level 5 with a maximum of 38 hit points when you died.